 Dungeon Crawl Stone Soup version 0.30.0-10-gfe55d96785 (webtiles) character file.

Game seed: 17541708462235821634

693 Persephone the Ducker (level 7, 0/59 (60) HPs)
             Began as a Gnoll Monk on May 15, 2023.
             Was a Believer of Nemelex Xobeh.
             Slain by a wraith (9 damage)
             ... in an ossuary.
             The game lasted 00:07:15 (3232 turns).

Persephone the Ducker (Gnoll Monk)                  Turns: 3232, Time: 00:07:16

HP:   0/59 (60)     AC:  7    Str: 12    XL:     7   Next: 64%
MP:   9/11          EV: 11    Int: 10    God:    Nemelex Xobeh [**....]
Gold: 163           SH:  0    Dex: 14    Spells: 11/11 levels left

rFire   . . .        l - +4 whip (flame)
rCold   . . .        d - orb {light}
rNeg    . . .        f - +0 scale mail
rPois   .            (no helmet)
rElec   .            (no cloak)
rCorr   .            i - +0 pair of gloves
SInv    .            (no boots)
Will    .....        (no amulet)
Stlth   +            (no ring)
HPRegen 0.29/turn    (no ring)
MPRegen 0.12/turn

%: no passive effects
@: slowed, glowing, lightly drained, very slow
A: fangs 1, strong nose, distributed training
a: Renounce Religion, Draw Escape, Draw Destruction, Draw Summoning


You were in an ossuary.
You worshipped Nemelex Xobeh.
Nemelex Xobeh was pleased with you.
You visited 1 branch of the dungeon, and saw 4 of its levels.
You also visited: Ossuary.

You collected 163 gold pieces.

Inventory:

Hand Weapons
 a - a +0 falchion
 l - a +4 whip of flaming (weapon)
 o - a +0 morningstar
Armour
 b - a +0 robe
 d - an orb of light (worn)
 f - a +0 scale mail (worn)
 i - a +0 pair of gloves (worn)
Jewellery
 h - a ring of flight
Wands
 j - a wand of polymorph (14)
 p - a wand of flame (54)
 s - a wand of mindburst (24)
 t - a wand of light (12)
Scrolls
 g - 2 scrolls of enchant weapon
 k - 2 scrolls of identify {unknown}
 n - 3 scrolls of teleportation {unknown}
 q - a scroll of noise {unknown}
 r - a scroll of torment {unknown}
 u - a scroll of poison {unknown}
Potions
 c - 2 potions of ambrosia
 e - 2 potions of curing
 m - a potion of magic {unknown}


   Skills:
 + Level 7.1 Fighting
 + Level 2.7 Short Blades
 + Level 7.1 Long Blades
 + Level 2.7 Axes
 + Level 2.7 Maces & Flails
 + Level 2.7 Polearms
 + Level 2.7 Staves
 + Level 2.7 Ranged Weapons
 + Level 2.7 Throwing
 + Level 2.7 Armour
 + Level 7.1 Dodging
 + Level 2.7 Stealth
 + Level 2.7 Shields
 + Level 2.7 Unarmed Combat
 + Level 2.7 Spellcasting
 + Level 2.2 Conjurations
 + Level 2.2 Hexes
 + Level 2.2 Summonings
 + Level 2.2 Necromancy
 + Level 2.2 Translocations
 + Level 2.2 Transmutations
 + Level 2.2 Fire Magic
 + Level 2.2 Ice Magic
 + Level 2.2 Air Magic
 + Level 2.2 Earth Magic
 + Level 2.2 Poison Magic
 + Level 3.0 Invocations
 + Level 2.7 Evocations


You had 11 spell levels left.
You didn't know any spells.
Your spell library contained the following spells:

 Spells                   Type           Power      Damage    Failure   Level
 Portal Projectile        Hex/Tloc       10%        N/A       87%         3
 Tukima's Dance           Hex            5%         N/A       87%         3
 Blade Hands              Tmut           2%         N/A       100%        5


Dungeon Overview and Level Annotations

Branches:
Dungeon (4/15)            Ossuary (1/1)
 Temple: D:4-7

Altars:
Nemelex Xobeh

Shops:
D:2 !   D:3 [


Innate Abilities, Weirdness & Mutations

You have very sharp teeth.
Your uncanny sense of smell can sniff out nearby items.
Your experience applies equally to all skills.


Message History

The wraith is heavily damaged.
The wraith barely misses you.
You hit the wraith but do no damage. You bite the wraith, but do no damage.
The wraith is heavily damaged.
The wraith hits you! The wraith drains your vigour!
You feel as though you will be slow longer.
You draw a card...
You have drawn Wild Magic.
The wraith's body twists and writhes.
You feel a surge of magic. The wraith completely misses you.
The wraith hits you! The wraith drains your vigour!
You feel as though you will be slow longer.
You hit the wraith but do no damage.
The wraith is heavily damaged.
The wraith closely misses you.
You hit the wraith. You burn the wraith.
The wraith is heavily damaged.
The wraith closely misses you. x2
You barely miss the wraith.
The wraith is heavily damaged.
The wraith hits you. The wraith drains your vigour!
You feel as though you will be slow longer.
You hit the wraith but do no damage.
The wraith is heavily damaged.
The wraith hits you!
* * * LOW HITPOINT WARNING * * *
The wraith drains your vigour!
You feel as though you will be slow longer.
You draw... (choose one card, ? for their descriptions) a - Pain b - Degeneration c - Vitriol Huh? x2
You have drawn Pain.
Press: ? - help, Shift-Dir - straight line, f - wraith
Aim: a wraith (heavily damaged, haloed)
The wraith is unaffected.
You can no longer choose one out of three cards.
The wraith hits you but does no damage. The wraith hits you!
You die...
Your body disappears without additional glow.

#.....# #z# #...............#
#.8.8.#####▓###.###.......###.#
'.......'.....'.#z#.......# #.#
#.8.8.#####▓###.###....?..###.#
#.....# #W# #...............#
####### ### #.###..###..###.#
#.#.#..#z#..#)#.#
#.W##..###..##'.#
#.@.............#
#################


You could see a wraith and a flying skull.

Vanquished Creatures
  Grinder (D:4)
  A black bear (D:3)
  An ogre (D:4)
  2 wights (Ossuary)
  Terence (D:2)
  An orc wizard (D:3)
  Robin (D:4)
  7 adders
  2 adder zombies (Ossuary)
  A dart slug (D:2)
  9 orcs
  4 bats
  3 endoplasms
  2 giant cockroaches
  17 goblins
  4 hobgoblins
  3 quokkas (D:2)
  5 ball pythons
  3 ball python skeletons (Ossuary)
  4 frilled lizards
  2 hobgoblin zombies (Ossuary)
  4 kobolds
  An orc skeleton (Ossuary)
  4 rats
83 creatures vanquished.

Notes
Turn   | Place    | Note
-------+----------+-------------------------------------------
     0 | D:1      | Persephone the Gnoll Monk began the quest for the Orb.
     0 | D:1      | Reached XP level 1. HP: 23/23 MP: 1/1
   113 | D:1      | Found a faded altar of an unknown god.
   207 | D:1      | Reached XP level 2. HP: 25/29 MP: 2/2
   845 | D:2      | Reached XP level 3. HP: 35/35 MP: 2/4
   932 | D:2      | Reached skill level 1 in Invocations
  1124 | D:2      | Reached skill level 1 in Short Blades
  1124 | D:2      | Reached skill level 1 in Axes
  1124 | D:2      | Reached skill level 1 in Maces & Flails
  1124 | D:2      | Reached skill level 1 in Polearms
  1124 | D:2      | Reached skill level 1 in Staves
  1124 | D:2      | Reached skill level 1 in Ranged Weapons
  1124 | D:2      | Reached skill level 1 in Throwing
  1124 | D:2      | Reached skill level 1 in Armour
  1124 | D:2      | Reached skill level 1 in Stealth
  1124 | D:2      | Reached skill level 1 in Shields
  1124 | D:2      | Reached skill level 1 in Unarmed Combat
  1124 | D:2      | Reached skill level 1 in Spellcasting
  1124 | D:2      | Reached skill level 1 in Evocations
  1277 | D:2      | Reached XP level 4. HP: 41/41 MP: 5/5
  1346 | D:2      | Noticed Terence
  1355 | D:2      | Killed Terence
  1356 | D:2      | Reached skill level 1 in Conjurations
  1356 | D:2      | Reached skill level 1 in Hexes
  1356 | D:2      | Reached skill level 1 in Summonings
  1356 | D:2      | Reached skill level 1 in Necromancy
  1356 | D:2      | Reached skill level 1 in Translocations
  1356 | D:2      | Reached skill level 1 in Transmutations
  1356 | D:2      | Reached skill level 1 in Fire Magic
  1356 | D:2      | Reached skill level 1 in Ice Magic
  1356 | D:2      | Reached skill level 1 in Air Magic
  1356 | D:2      | Reached skill level 1 in Earth Magic
  1356 | D:2      | Reached skill level 1 in Poison Magic
  1449 | D:2      | Found Okhluicei's Distillery.
  1568 | D:3      | Noticed a black bear
  1634 | D:3      | Killed a black bear
  1635 | D:3      | Reached XP level 5. HP: 33/47 MP: 5/7
  1725 | D:3      | Found Coly's Armour Shoppe.
  1846 | D:3      | Reached XP level 6. HP: 51/53 MP: 8/8
  2175 | D:1      | Prayed at the altar of an unknown god.
  2175 | D:1      | Became a worshipper of Nemelex Xobeh the Trickster
  2175 | D:1      | Reached * piety under Nemelex Xobeh
  2175 | D:1      | Received a gift from Nemelex Xobeh
  2175 | D:1      | Reached ** piety under Nemelex Xobeh
  2175 | D:1      | Received a gift from Nemelex Xobeh
  2265 | D:4      | Noticed Grinder
  2269 | D:4      | Paralysed by Grinder for 5 turns
  2280 | D:4      | Noticed Robin
  2286 | D:4      | Paralysed by Grinder for 2 turns
  2459 | D:4      | Killed Grinder
  2460 | D:4      | Reached XP level 7. HP: 24/60 MP: 8/10
  2630 | D:4      | Killed Robin
  2900 | D:4      | Found a sand-covered staircase.
  2920 | Ossuary  | Entered an ossuary
  3020 | Ossuary  | Noticed a flying skull
  3020 | Ossuary  | Noticed a wraith
  3027 | Ossuary  | Noticed a flying skull
  3029 | Ossuary  | Noticed a flying skull
  3031 | Ossuary  | Reached *** piety under Nemelex Xobeh
  3031 | Ossuary  | Noticed a flying skull
  3218 | Ossuary  | Noticed a wraith
  3232 | Ossuary  | Slain by a wraith

Illustrated notes

Levels and vault maps discovered:
D:1:      nagdon_arrival_zigzag_paths, layout_loops_ring,
          dreamdust_ecumenical_altar_grove, serial_park_tiny_2, minivault_4
D:2:      layout_basic, serial_shops, nicolae_shop_behind_doors, uniq_terence
D:3:      layout_rooms, serial_shops, shop
D:4:      kennysheep_the_goblin_king, layout_cave_pools, serial_column_ruins,
          column_ruins_columns_corner, column_ruins_open_tiny,
          column_ruins_grid_4, column_ruins_corridor_dead_end,
          column_ruins_corridor_straight, column_ruins_corridor_corner,
          enter_ossuary_1, uniq_grinder, uniq_crazy_yiuf_cottage, uniq_robin
Ossuary:  ossuary_due_cavern

Skill      XL: |  1  2  3  4  5  6  7 |
---------------+----------------------+-----
Invocations    | 1 2 3 |  3.0
Short Blades   | 1 2 |  2.7
Axes           | 1 2 |  2.7
Maces & Flails | 1 2 |  2.7
Polearms       | 1 2 |  2.7
Staves         | 1 2 |  2.7
Ranged Weapons | 1 2 |  2.7
Throwing       | 1 2 |  2.7
Armour         | 1 2 |  2.7
Stealth        | 1 2 |  2.7
Shields        | 1 2 |  2.7
Unarmed Combat | 1 2 |  2.7
Spellcasting   | 1 2 |  2.7
Evocations     | 1 2 |  2.7
Conjurations   | 1 2 |  2.2
Hexes          | 1 2 |  2.2
Summonings     | 1 2 |  2.2
Necromancy     | 1 2 |  2.2
Translocations | 1 2 |  2.2
Transmutations | 1 2 |  2.2
Fire Magic     | 1 2 |  2.2
Ice Magic      | 1 2 |  2.2
Air Magic      | 1 2 |  2.2
Earth Magic    | 1 2 |  2.2
Poison Magic   | 1 2 |  2.2
Fighting       | 7 |  7.1
Long Blades    | 7 |  7.1
Dodging        | 7 |  7.1

Action                     |  1- 3 |  4- 6 |  7- 9 || total
---------------------------+-------+-------+-------++-------
  Melee: Falchion          |    55 |       |       ||    55
         Bite              |     8 |     4 |    11 ||    23
         Whip              |     9 |    74 |    79 ||   162
 Invoke: Draw Destruction  |       |     2 |     1 ||     3
         Triple Draw       |       |       |     1 ||     1
    Use: Scroll            |       |     5 |       ||     5
 Armour: Scale mail        |    23 |    37 |    14 ||    74
         Robe              |     2 |       |       ||     2
  Dodge: Dodged            |    23 |    44 |    41 ||   108
